 Dungeon Crawl Stone Soup version 0.30-a0-845-g7c6808c8ce (webtiles) character file.

Game seed: 3486662770864216511

279 KleinerIrrer the Gusty (level 6, -3/48 HPs)
             Began as a Tengu Air Elementalist on Mar 3, 2023.
             Was an Initiate of Vehumet.
             Slain by Prince Ribbit (12 damage)
             ... on level 5 of the Dungeon.
             The game lasted 00:15:04 (4026 turns).

KleinerIrrer the Gusty (Tengu Air Elementalist)     Turns: 4026, Time: 00:15:05

Health: -3/48      AC: 23    Str: 11 (12) XL:     6   Next: 26%
Magic:  1/13       EV:  2    Int: 14 (17) God:    Vehumet [......]
Gold:   393        SH:  0    Dex: 11 (13) Spells: 3/13 levels left

rFire   . . .      SeeInvis .    r - +3 dagger
rCold   . . .      Faith    .    (no shield)
rNeg    . . .      Spirit   .    a - melded +0 robe
rPois   +          Reflect  .    (helmet currently unavailable)
rElec   .          Rampage  .    (cloak currently unavailable)
rCorr   .          NoTele   +    (gloves currently unavailable)
Will    .....                    (boots unavailable)
Stlth   ++                       (no amulet)
HPRegen 0.28/turn                (no ring)
MPRegen 0.13/turn                (no ring)

@: mighty, tree-form, on berserk cooldown, very slightly contaminated
A: stationary, stasis, torment immunity, boosted hp, (beak), (talons 3), nimble
flight, strong 1
a: Renounce Religion


You were on level 5 of the Dungeon.
You worshipped Vehumet.
Vehumet was noncommittal.
You were a tree.
You visited 2 branches of the dungeon, and saw 7 of its levels.

You collected 393 gold pieces.

Inventory:

Hand Weapons
 r - a +3 dagger (weapon)
Missiles
 q - 4 curare-tipped darts
Armour
 a - a +0 robe (melded)
 e - a +0 leather armour
Jewellery
 d - an amulet of guardian spirit
 w - a ring of protection from fire
Wands
 v - a wand of digging (4)
Scrolls
 f - a scroll of vulnerability
 h - 2 scrolls of identify
 j - a scroll of brand weapon {unknown}
 n - 2 scrolls of noise {unknown}
 t - a scroll of fog {unknown}
 u - a scroll of silence {unknown}
 x - a scroll of amnesia {unknown}
Potions
 c - 3 potions of attraction


   Skills:
 - Level 2.1 Dodging
 - Level 2.0 Stealth
 + Level 4.2 Spellcasting
 - Level 2.7 Conjurations
 * Level 6.6 Air Magic


You had 3 spell levels left.
You knew the following spells:

 Your Spells              Type           Power      Damage    Failure   Level
a - Shock                 Conj/Air       64%        1d7       2%          1
b - Static Discharge      Conj/Air       32%        2-4/arc   4%          2
c - Swiftness             Air            21%        N/A       3%          3
d - Airstrike             Air            10%        2d(2-18)  12%         4

Your spell library contained the following spells:

 Spells                   Type           Power      Damage    Failure   Level
 Apportation              Tloc           4%         N/A       19%         1
 Necrotise                Necr           8%         1d4       19%         1
 Summon Small Mammal      Summ           8%         N/A       19%         1
 Silence                  Hex/Air        6%         N/A       80%         5
 Passage of Golubria      Tloc           2%         N/A       88%         4
 Lehudib's Crystal Spear  Conj/Erth      3%         10d2      100%        8


Dungeon Overview and Level Annotations

Branches:
Dungeon (6/15)             Temple (1/1) D:4

Altars:
Cheibriados
Elyvilon
Fedhas
Gozag
Hepliaklqana
Makhleb
Nemelex Xobeh
Okawaru
Qazlal
Ru
Sif Muna
Trog
Uskayaw
Vehumet
Wu Jian
Xom

Annotations:
D:3 3 runed translucent doors, postfeelist's ghost, amateur GnRe
D:4 Edmund; Grinder; Pargi
D:5 Prince Ribbit
D:6 Eustachio


Innate Abilities, Weirdness & Mutations

You are a tree.
Your roots penetrate the ground, keeping you stationary.
You cannot be teleported.
You are immune to unholy pain and torment.
Your maximum health is greatly increased.
Your equipment is partially melded.
((You have a beak for a mouth.))
((You have claws for feet.))
Your magical nature lets you fly swiftly and evasively.
Your muscles are strong. (Str +4, Int/Dex -1)


Message History

Casting: Airstrike (quite dangerous; 13% risk of failure)
Confirm with . or Enter, or press ? or * to list all spells.
The spell is quite dangerous to miscast (13% risk of failure)!
Continue anyway?
Aiming: Airstrike (quite dangerous; 13% risk of failure)
Press: ? - help, Dir - move target, f/p - iguana
Aim: an iguana (almost dead, empty space bonus: 7/8)
The air twists around and strikes the iguana!
You kill the iguana!
Vehumet accepts your kill.
You start resting.
Your magical contamination has completely faded away.
You start resting.
You feel yourself speed up.
You see here an iguana corpse.
Prince Ribbit gives a loud, deep croak!
It was a potion of lignification.
You turn into a tree.
Your +0 robe melds into your body.
Your roots penetrate the ground.
It was a potion of flight.
Your roots keep you in place.
It was a potion of might.
You feel very mighty all of a sudden.
Casting: Airstrike (quite dangerous; 12% risk of failure)
Confirm with . or Enter, or press ? or * to list all spells.
The spell is quite dangerous to miscast (12% risk of failure)!
Continue anyway?
Aiming: Airstrike (quite dangerous; 12% risk of failure)
Press: ? - help, Dir - move target, f - Prince Ribbit
Aim: Prince Ribbit (empty space bonus: 8/8)
You miscast Airstrike.
You are very lightly contaminated with residual magic.
Nothing appears to happen.
Prince Ribbit hits you!
* * * LOW HITPOINT WARNING * * *
You puncture Prince Ribbit!
Prince Ribbit is lightly wounded.
Prince Ribbit hits you!
* * * LOW HITPOINT WARNING * * *
You feel better.
Prince Ribbit hits you but does no damage.
You hit Prince Ribbit.
Prince Ribbit is moderately wounded.
Prince Ribbit hits you!
You die...

##........# #
#.....)...#
##........#
#...........
##....)...##.
##.........#
.
#...>......#
#.F†.........
#♣...........
#######....#
....# ....
.... ...


You could see Prince Ribbit.

Vanquished Creatures
  A scorpion (D:6)
  An orc priest (D:3)
  An iguana (D:5)
  A gnoll (D:3)
  4 adders
  2 ufetubi
  3 worms (D:3)
  2 dart slugs (D:1)
  12 orcs
  2 ball pythons
  5 bats
  8 endoplasms
  2 giant cockroaches
  6 goblins
  4 hobgoblins
  7 jackals (D:1)
  5 quokkas
  4 frilled lizards
  5 kobolds
  8 rats
83 creatures vanquished.

Vanquished Creatures (others)
  2 fungi (D:1)
  8 toadstools (D:1)
10 creatures vanquished.

Grand Total: 93 creatures vanquished

Notes
Turn   | Place    | Note
-------+----------+-------------------------------------------
     0 | D:1      | KleinerIrrer the Tengu Air Elementalist began the quest for
                  | the Orb.
     0 | D:1      | Reached XP level 1. HP: 10/10 MP: 4/4
   261 | D:1      | Reached XP level 2. HP: 14/15 MP: 0/6
   290 | D:1      | Learned a level 2 spell: Static Discharge
   584 | D:1      | Reached XP level 3. HP: 19/19 MP: 5/7
  1310 | D:1      | Learned a level 3 spell: Swiftness
  1897 | D:2      | Found a faded altar of an unknown god.
  2203 | D:3      | Reached XP level 4. HP: 24/24 MP: 6/9
  2270 | D:3      | Found an opulent altar of Gozag.
  2350 | D:3      | Reached skill level 5 in Air Magic
  2737 | D:3      | Found a runed translucent gate.
  2737 | D:3      | Found a runed translucent gate.
  2737 | D:3      | Found a runed translucent gate.
  2737 | D:3      | Noticed postfeelist's ghost (amateur GnRe)
  2887 | D:3      | Gained mutation: Your magical nature lets you fly swiftly
                  | and evasively. [Tengu growth]
  2887 | D:3      | Reached XP level 5. HP: 16/28 MP: 6/11
  3375 | D:3      | Learned a level 4 spell: Airstrike
  3523 | D:4      | Noticed Edmund
  3668 | D:4      | Found a staircase to the Ecumenical Temple.
  3676 | D:4      | Noticed Pargi
  3679 | Temple   | Entered the Ecumenical Temple
  3775 | Temple   | Became a worshipper of Vehumet
  3897 | D:4      | Noticed Grinder
  3897 | D:4      | Noticed a black bear
  3898 | D:4      | Paralysed by Grinder for 3 turns
  3908 | D:4      | Paralysed by something for 2 turns
  3915 | D:5      | Entered Level 5 of the Dungeon
  3917 | D:5      | Noticed an ice beast
  3939 | D:5      | Noticed Prince Ribbit
  3943 | D:6      | Noticed Eustachio
  3964 | D:6      | Reached skill level 6 in Air Magic
  3964 | D:6      | Reached XP level 6. HP: 30/32 MP: 1/13
  3984 | D:6      | Gained mutation: Your muscles are strong. (Str +4, Int/Dex
                  | -1) [potion of mutation]
  4024 | D:5      | HP: 2/48 [Prince Ribbit (12)]
  4026 | D:5      | Slain by Prince Ribbit

Illustrated notes

Levels and vault maps discovered:
D:1:      ldierk_walled_garden_2, layout_loops_ring, minmay_gold_behind_fungi,
          minmay_tree_intersection, hex_large, minmay_misc_feat_enclosed,
          chequers_serial_rivers_micro_a, minmay_misc_feat_doors
D:2:      layout_basic, hellmonk_ecumenical_altar_crossroads,
          minmay_misc_feat_cross
D:3:      layout_loops_cross, lemuel_round_altar, gammafunk_ghost_necromancy,
          minmay_fractal_squares_gapless_5
D:4:      layout_rooms, minmay_temple_entry_purple_smoke, uniq_pargi,
          uniq_edmund, uniq_grinder
D:5:      layout_rooms, mainiacjoe_overflow_alcove_4, grunt_ministairs_8,
          nicolae_hexahallways, minmay_small_thing, uniq_prince_ribbit1,
          uniq_duvessa
D:6:      layout_loops_ring, uniq_menkaure, uniq_blork_the_orc, uniq_eustachio
Temple:   eino_temple_rhombus

Skill      XL: |  1  2  3  4  5 |
---------------+----------------+-----
Conjurations   | 2 |  2.7
Air Magic      | 5 6 |  6.6
Spellcasting   | 3 4 |  4.2
Dodging        | |  2.1
Stealth        | |  2.0

Action                     |  1- 3 |  4- 6 || total
---------------------------+-------+-------++-------
  Melee: Unarmed           |     1 |       ||     1
         Dagger            |     1 |    17 ||    18
         Kick              |       |     3 ||     3
         Peck              |       |     2 ||     2
   Cast: Shock             |    71 |    81 ||   152
         Static Discharge  |     5 |     7 ||    12
         Airstrike         |       |     5 ||     5
    Use: Potion            |     1 |     9 ||    10
         Scroll            |       |     3 ||     3
 Armour: Robe              |     6 |     4 ||    10
         Skin              |       |     1 ||     1
  Dodge: Dodged            |    31 |    49 ||    80

Table legend: (Time is in decaauts)
 A = Elapsed time spent in this place.
 B = Non-inter-level travel time spent in this place.
 C = Inter-level travel time spent in this place.
 D = Time resting spent in this place.
 E = Time spent auto-exploring this place.
 F = Levels seen in this place.
 G = Mean time per level.
                   A        B        C        D        E       F      G
               +--------+--------+--------+--------+--------+-----+--------+
         Total |   3961 |   3729 |    232 |     50 |   3073 |   7 |  565.9 |
       Dungeon |   3855 |   3664 |    191 |     50 |   3016 |   6 |  642.5 |
        Temple |    106 |     65 |     41 |      0 |     57 |   1 |  106.0 |
               +--------+--------+--------+--------+--------+-----+--------+

Top non-repeatable levels by time:
     D:3: 1308 daAuts
     D:1: 1307 daAuts
     D:2: 798 daAuts
     D:4: 321 daAuts
  Temple: 106 daAuts
     D:6: 71 daAuts
     D:5: 48 daAuts
